 Dungeon Crawl Stone Soup version 0.30-a0-778-g2ef04afb54 (console) character file.

Game seed: 1220108858999395933

472 rlgrobin the Cleaver (level 7, -4/57 HPs)
             Began as a Meteoran Fighter on Feb 17, 2023.
             Was an Initiate of Nemelex Xobeh.
             Slain by Pikel
             ... wielding a +2 whip of flaming
              (11 damage)
             ... on level 4 of the Dungeon.
             The game lasted 00:04:33 (811 turns).

rlgrobin the Cleaver (Meteoran Fighter)              Turns: 811, Time: 00:04:33

Health: -4/57      AC:  8    Str: 20    XL:     7   Next: 58%
Magic:  8/8        EV:  9    Int:  9    God:    Nemelex Xobeh [......]
Gold:   17         SH:  5    Dex: 14    Spells: 6/6 levels left

rFire   . . .      SeeInvis .    a - +3 war axe (flame)
rCold   . . .      Faith    .    c - +0 buckler
rNeg    . . .      Spirit   .    b - +0 scale mail
rPois   .          Reflect  .    (no helmet)
rElec   .          Harm     .    f - +0 cloak
rCorr   .          Rampage  .    (no gloves)
Will    .....                    (no boots) Stlth
                                 (no amulet)
HPRegen 0.29/turn                (no ring)
MPRegen 0.11/turn                (no ring)

@: glowing
A: sense surroundings 1, otherworldly, glowing, explore regen
a: Renounce Religion, Draw Escape, Draw Destruction, Draw Summoning


You were on level 4 of the Dungeon.
You worshipped Nemelex Xobeh.
Nemelex Xobeh was noncommittal.
You visited 1 branch of the dungeon, and saw 5 of its levels.
You also visited: Sewer.

You collected 41 gold pieces.
You spent 24 gold pieces at shops.

Inventory:

Hand Weapons
 a - a +3 war axe of flaming (weapon)
 d - a +1 war axe
Armour
 b - a +0 scale mail (worn)
 c - a +0 buckler (worn)
 f - a +0 cloak (worn)
Scrolls
 i - 2 scrolls of fog
Potions
 g - a potion of attraction {unknown}
 h - 5 potions of resistance
 j - a potion of cancellation {unknown}
 k - a potion of invisibility {unknown}


   Skills:
 - Level 3.2 Fighting
 + Level 9.0 Axes
 - Level 3.6 Armour
 - Level 3.6 Shields


You had 6 spell levels left.
You didn't know any spells.
Your spell library contained the following spells:

 Spells                   Type           Power      Damage    Failure   Level
 Summon Ice Beast         Ice/Summ       0%         N/A       100%        4
 Summon Mana Viper        Hex/Summ       0%         N/A       100%        5
 Monstrous Menagerie      Summ           0%         N/A       100%        7


Dungeon Overview and Level Annotations

Branches:
Dungeon (5/15) Zot: 2244    Sewer (visited)
 Temple: D:4-7

Altars:
Nemelex Xobeh

Shops:
D:5 *!?

Annotations:
D:3 Sigmund
D:4 Pikel


Innate Abilities, Weirdness & Mutations

You passively map a small area around you.
You are easily found by Zot.
You glow in the dark.
You regain HP and MP as you explore.


Message History

Pikel hits you with a +2 whip of flaming.
Pikel burns you.
You completely miss Pikel.
Pikel is heavily wounded.
You closely miss the lemure.
Pikel hits you with a +2 whip of flaming.
Pikel burns you. The lemure hits you.
You hit Pikel. You burn Pikel.
Pikel is heavily wounded.
You closely miss the lemure. The lemure hits you.
Pikel hits you with a +2 whip of flaming.
Pikel burns you.
You barely miss Pikel.
Pikel is heavily wounded.
You hit the lemure. You burn the lemure.
Pikel hits you with a +2 whip of flaming.
Pikel burns you. The lemure hits you.
You closely miss Pikel.
Pikel is heavily wounded.
You hit the lemure. You burn the lemure. You block Pikel's attack.
The lemure hits you.
You hit Pikel but do no damage.
Pikel is heavily wounded.
You closely miss the lemure.
Pikel hits you with a +2 whip of flaming!
Pikel burns you. The lemure hits you.
You slash Pikel! You burn Pikel.
Pikel is severely wounded.
You hit the lemure. You burn the lemure.
Pikel hits you with a +2 whip of flaming!
* * * LOW HITPOINT WARNING * * *
Pikel burns you.
* * * LOW HITPOINT WARNING * * *
The lemure barely misses you.
You hit Pikel but do no damage.
Pikel is severely wounded.
You hit the lemure but do no damage.
Pikel hits you with a +2 whip of flaming!
You die...
Your body disappears without additional glow.

.#.♣.♣.#.###....###.*
,
....>..#...#........
.#.♣.♣.#)#...+######
* .##...##.#...# , ,
, .♣#####♣.###.#,+##
#. ,,,.####.# #.$ *
##### ##....#,#5# ,
#...######.#.# #K##.#
,* #.......##.#.#
#@55.# #...##...#.#.#
+####+,
<.#.<........# , , ,
....##.....#.+ * *
.#.####.#..#........,
†#.#
*#.#..###.#####**
.#.. #.#.... ..#
.###. #.#.####^.# .#
*.##.... .#


You could see Pikel and 3 lemures.

Vanquished Creatures
  Pargi (Sewer)
  An ogre (D:5)
  A phantom (D:5)
  A scorpion (D:5)
  2 hounds
  An iguana (D:5)
  4 adders
  A white imp (D:5)
  A worm (D:3)
  A dart slug (D:1)
  An orc (D:5)
  A ball python (Sewer)
  An endoplasm (D:2)
  2 giant cockroaches (D:5)
  4 goblins
  A hobgoblin (D:2)
  6 jackals (D:1)
  4 quokkas (D:5)
  A bat (D:2)
  6 frilled lizards
  2 rats (D:2)
43 creatures vanquished.

Notes
Turn   | Place    | Note
-------+----------+-------------------------------------------
     0 | D:1      | rlgrobin the Meteoran Fighter began the quest for the Orb.
     0 | D:1      | Reached XP level 1. HP: 19/19 MP: 2/2
    31 | D:1      | Reached skill level 3 in Axes
    31 | D:1      | Reached XP level 2. HP: 24/26 MP: 3/3
   137 | D:2      | Reached XP level 3. HP: 31/31 MP: 4/4
   185 | D:2      | Reached skill level 4 in Axes
   220 | D:3      | Found a sparkling altar of Nemelex Xobeh.
   224 | D:3      | Became a worshipper of Nemelex Xobeh the Trickster
   290 | D:2      | Reached XP level 4. HP: 38/38 MP: 5/5
   330 | D:4      | Reached skill level 5 in Axes
   337 | D:3      | Noticed Sigmund
   371 | D:4      | Reached XP level 5. HP: 43/45 MP: 6/6
   386 | D:5      | Entered Level 5 of the Dungeon
   386 | D:5      | Noticed an ogre
   386 | D:5      | Noticed a phantom
   399 | D:5      | Reached skill level 6 in Axes
   405 | D:5      | Reached XP level 6. HP: 31/51 MP: 7/7
   407 | D:5      | Killed an ogre
   408 | D:5      | Reached skill level 7 in Axes
   409 | D:5      | Reached skill level 8 in Axes
   409 | D:5      | Reached XP level 7. HP: 36/57 MP: 8/8
   421 | D:5      | Found Jelust's Distillery.
   476 | D:5      | Found Zong's Magic Scroll Shoppe.
   633 | D:5      | Found Lexomorph's General Store.
   660 | D:5      | Found a glowing drain.
   678 | Sewer    | Entered a sewer
   748 | Sewer    | Noticed Pargi
   753 | Sewer    | Killed Pargi
   754 | Sewer    | Reached skill level 9 in Axes
   799 | D:5      | Bought a scroll of identify for 24 gold pieces
   802 | D:4      | Noticed Pikel
   811 | D:4      | Slain by Pikel

Illustrated notes

Levels and vault maps discovered:
D:1:      ebering_hopf_link, layout_rooms, ebering_ecumenical_altar_abandoned,
          roderic_roman_lattice
D:2:      layout_rooms, uniq_natasha
D:3:      layout_loops_cross, lemuel_round_altar, mainiacjoe_overflow_boulevard,
          uniq_robin, uniq_sigmund, uniq_crazy_yiuf_cottage
D:4:      layout_loops_ring, grunt_ministairs_11, minivault_11,
          kennysheep_donut, uniq_grinder, uniq_pikel
D:5:      layout_basic, lightli_temple_of_fire, gup_sewer_entry_pipe,
          serial_shops, shop, kennysheep_little_box, nicolae_shop_statue_plus

Skill      XL: |  1  2  3  4  5  6  7 |
---------------+----------------------+-----
Axes           | 3 4 5 6 8 9 |  9.0
Fighting       | |  3.2
Armour         | |  3.6
Shields        | |  3.6

Action                     |  1- 3 |  4- 6 |  7- 9 || total
---------------------------+-------+-------+-------++-------
  Melee: War axe           |    57 |    38 |    44 ||   139
    Use: Potion            |       |     1 |       ||     1
         Scroll            |       |       |     8 ||     8
 Armour: Scale mail        |    44 |    20 |    18 ||    82
  Dodge: Dodged            |    24 |    13 |    22 ||    59
  Block: Buckler           |    17 |     7 |    11 ||    35

Table legend: (Time is in decaauts)
 A = Elapsed time spent in this place.
 B = Non-inter-level travel time spent in this place.
 C = Inter-level travel time spent in this place.
 D = Time resting spent in this place.
 E = Time spent auto-exploring this place.
 F = Levels seen in this place.
 G = Mean time per level.
                   A        B        C        D        E       F      G
               +--------+--------+--------+--------+--------+-----+--------+
         Total |    878 |    853 |     25 |      0 |      0 |   6 |  146.3 |
       Dungeon |    754 |    729 |     25 |      0 |      0 |   5 |  150.8 |
         Sewer |    124 |    124 |      0 |      0 |      0 |   1 |  124.0 |
               +--------+--------+--------+--------+--------+-----+--------+

Top non-repeatable levels by time:
     D:5: 332 daAuts
     D:2: 162 daAuts
   Sewer: 124 daAuts
     D:3: 100 daAuts
     D:1: 81 daAuts
     D:4: 76 daAuts
